 Dungeon Crawl Stone Soup version 0.27.1-34-g3ba077fa99 (webtiles) character file.

Game seed: 11426934855259682216

150 raph the Firebug (level 5, -2/28 HPs)
             Began as a Deep Elf Fire Elementalist on Jan 4, 2022.
             Slain by an iguana (11 damage)
             ... on level 3 of the Dungeon.
             The game lasted 00:03:27 (2669 turns).

raph the Firebug (Deep Elf Fire Elementalist)       Turns: 2669, Time: 00:03:28

Health: -2/28      AC:  2    Str:  5    XL:     5   Next: 10%
Magic:  17/20      EV: 12    Int: 21    God:
Gold:   32         SH:  0    Dex: 15    Spells: 2/10 levels left

rFire    . . .     SeeInvis .   c - +0 dagger
rCold    . . .     Faith    .   (no shield)
rNeg     . . .     Spirit   .   a - +0 robe
rPois    .         Reflect  .   (no helmet)
rElec    .         Harm     .   (no cloak)
rCorr    .         Rampage  .   (no gloves)
Will     .....                  (no boots)
Stlth    ++........             (no amulet)
HPRegen  0.09/turn              b - ring of magical power
MPRegen  0.17/turn              (no ring)

@: no status effects
A: no striking features
a: no special abilities


You were on level 3 of the Dungeon.
You visited 1 branch of the dungeon, and saw 3 of its levels.

You collected 32 gold pieces.

Inventory:

Hand Weapons
 c - a +0 dagger (weapon)
Missiles
 e - 2 boomerangs
Armour
 a - a +0 robe (worn)
Jewellery
 b - a ring of magical power (left hand)
 h - a ring of willpower
Scrolls
 d - a scroll of blinking
Potions
 f - a potion of ambrosia {unknown}
 g - a potion of lignification {unknown}
 i - a potion of haste {unknown}
 j - a potion of heal wounds {unknown}


   Skills:
 - Level 2.4 Dodging
 - Level 2.4 Stealth
 - Level 3.0 Spellcasting
 + Level 1.2 Conjurations
 + Level 6.4 Fire Magic


You had 2 spell levels left.
You knew the following spells:

 Your Spells              Type           Power      Damage    Failure   Level
a - Foxfire               Conj/Fire      76%        2x1d7     2%          1
b - Conjure Flame         Conj/Fire      19%        6-21      9%          3
c - Sticky Flame          Conj/Fire      19%        2d4       26%         4

Your spell library contained the following spells:

 Spells                   Type           Power      Damage    Failure   Level
 Shock                    Conj/Air       20%        1d4       11%         1
 Inner Flame              Hex/Fire       16%        N/A       11%         3
 Swiftness                Air            3%         N/A       36%         3
 Fireball                 Conj/Fire      9%         3d6       58%         5
 Airstrike                Air            1%         N/A       78%         4


Dungeon Overview and Level Annotations

Branches:
Dungeon (3/15)

Altars:

Shops:
D:2 !


Message History

Casting: Foxfire (safe; 2% risk of failure)
Confirm with . or Enter, or press ? or * to list all spells.
There is not enough space to conjure foxfire!
The foxfire hits the iguana.
The iguana is lightly wounded.
The foxfire hits the iguana.
The iguana is moderately wounded.
Casting: Foxfire (safe; 2% risk of failure)
Confirm with . or Enter, or press ? or * to list all spells.
You conjure some foxfire!
The foxfire hits the iguana but does no damage.
The iguana is moderately wounded.
The foxfire hits the iguana but does no damage.
The iguana is moderately wounded.
Casting: Foxfire (safe; 2% risk of failure)
Confirm with . or Enter, or press ? or * to list all spells.
You miscast Foxfire.
You are very lightly contaminated with residual magic.
Nothing appears to happen.
The iguana bites you. The iguana bites you!
The iguana hisses menacingly.
Casting: Foxfire (safe; 2% risk of failure)
Confirm with . or Enter, or press ? or * to list all spells.
You conjure some foxfire!
The iguana barely misses you.
Your magical contamination has completely faded away.
The foxfire hits the iguana but does no damage.
The iguana is moderately wounded.
The foxfire hits the iguana but does no damage.
The iguana is moderately wounded.
The iguana bites you!
Casting: Foxfire (safe; 2% risk of failure)
Confirm with . or Enter, or press ? or * to list all spells.
You conjure some foxfire!
The iguana completely misses you.
The foxfire hits the iguana.
The iguana is heavily wounded.
The foxfire hits the iguana.
The iguana is severely wounded.
The iguana bites you!
You die...

#########
#######..@....#
........l.###.#
....###.#.###.#
......#.#.†.#.#
........###.#.#
....##### #.#.#
.. #.#.#
#.#.#########
#.#.........#


You could see an iguana.

Vanquished Creatures
  Terence (D:2)
  Natasha (thrice) (D:2)
  An adder (D:3)
  2 worms (D:2)
  A ball python (D:1)
  2 endoplasms
  5 giant cockroaches
  2 hobgoblins (D:2)
  5 kobolds
  A quokka (D:1)
  4 bats
  4 frilled lizards
  3 goblins
  4 rats
38 creatures vanquished.

Vanquished Creatures (collateral kills)
  A foxfire (D:1)
1 creature vanquished.

Vanquished Creatures (others)
  170 foxfires
  A plant (D:1)
171 creatures vanquished.

Grand Total: 210 creatures vanquished

Notes
Turn   | Place    | Note
-------+----------+-------------------------------------------
     0 | D:1      | raph the Deep Elf Fire Elementalist began the quest for the
                  | Orb.
     0 | D:1      | Reached XP level 1. HP: 10/10 MP: 6/6
   260 | D:1      | Reached XP level 2. HP: 15/15 MP: 8/8
   342 | D:1      | Reached skill level 4 in Fire Magic
   983 | D:2      | Found Wyad's Distillery.
  1428 | D:2      | Noticed Natasha
  1443 | D:2      | Killed Natasha
  1444 | D:2      | Reached skill level 5 in Fire Magic
  1444 | D:2      | Reached XP level 3. HP: 14/19 MP: 9/9
  1448 | D:2      | Learned a level 3 spell: Conjure Flame
  1581 | D:2      | Noticed Natasha
  1588 | D:2      | Killed Natasha
  1589 | D:2      | Reached XP level 4. HP: 12/24 MP: 10/10
  2039 | D:2      | Noticed Natasha
  2044 | D:2      | Killed Natasha
  2045 | D:2      | Reached skill level 6 in Fire Magic
  2285 | D:2      | Noticed Terence
  2305 | D:2      | Killed Terence
  2306 | D:2      | Reached XP level 5. HP: 11/28 MP: 8/11
  2499 | D:2      | Learned a level 4 spell: Sticky Flame
  2669 | D:3      | Slain by an iguana

Illustrated notes

Levels and vault maps discovered:
D:1:      ncdulo_lavacross, layout_rooms, serial_bayou_pond_c, grunt_decor_cap
D:2:      layout_loops_ring, serial_shops, shop, grunt_ministairs_4,
          uniq_natasha, uniq_terence
D:3:      minmay_evil_eye, layout_basic, grunt_temple_overflow_holy_war,
          uniq_robin

Skill      XL: |  1  2  3  4 |
---------------+-------------+-----
Fire Magic     | 5 6 |  6.4
Dodging        | |  2.4
Stealth        | |  2.4
Spellcasting   | |  3.0
Conjurations   | |  1.2

Action                   |  1- 3 |  4- 6 || total
-------------------------+-------+-------++-------
Melee: Unarmed           |     3 |       ||     3
       Dagger            |     3 |       ||     3
 Cast: Foxfire           |    65 |    46 ||   111
  Use: Scroll            |     2 |     2 ||     4
Armor: Robe              |     1 |     3 ||     4
Dodge: Dodged            |    14 |     5 ||    19
